 Dungeon Crawl Stone Soup version 0.18-b1-22-ge198996 (webtiles) character file.

4 SkaryMonk the Ruffian (level 1, 22/22 HPs)
             Began as a Troll Monk on May 4, 2016.
             Was a Believer of Nemelex Xobeh.
             Quit the game on level 1 of the Dungeon.
             The game lasted 00:01:08 (126 turns).

SkaryMonk the Ruffian (Troll Monk)                   Turns: 126, Time: 00:01:09

Health: 22/22      AC:  5    Str: 18    XL:     1   Next: 58%
Magic:  0/0        EV: 10    Int:  6    God:    Nemelex Xobeh [**....]
Gold:   17         SH:  0    Dex: 12    Spells: 0 memorised, 0 levels left

rFire  . . .     SeeInvis .       - Unarmed
rCold  . . .     Gourm    +     a - +0 robe
rNeg   . . .     Faith    .     (no shield)
rPois  .         Spirit   .     (helmet restricted)
rElec  .         Dismiss  .     (no cloak)
rCorr  .         Reflect  .     (gloves unavailable)
SustAt .         Harm     .     (boots unavailable)
MR     .....                    (no amulet)
Stlth  +.........               (no ring)
                                (no ring)

@: not resistant to hostile enchantments, very unstealthy
A: unfitting armour, claws 3, fast metabolism 3, gourmand, regeneration 2,
shaggy fur 1, tough skin 2
a: Renounce Religion


You were on level 1 of the Dungeon.
You worshipped Nemelex Xobeh.
Nemelex Xobeh was pleased with you.
You were full.

You visited 1 branch of the dungeon, and saw 1 of its levels.

You collected 17 gold pieces.

Notes
Turn   | Place    | Note
--------------------------------------------------------------
     0 | D:1      | SkaryMonk the Troll Monk began the quest for the Orb.
     0 | D:1      | Reached XP level 1. HP: 22/22 MP: 0/0
    64 | D:1      | Found a sparkling altar of Nemelex Xobeh.
   124 | D:1      | Became a worshipper of Nemelex Xobeh the Trickster
   124 | D:1      | Received a gift from Nemelex Xobeh
   124 | D:1      | Reached * piety under Nemelex Xobeh
   124 | D:1      | Received a gift from Nemelex Xobeh
   124 | D:1      | Reached ** piety under Nemelex Xobeh
   126 | D:1      | Quit the game

Inventory:

Armour
 a - a +0 robe (worn)
Miscellaneous
 c - a legendary deck of war
 d - a plain deck of war
Comestibles
 b - 2 bread rations

Table legend:
 A = Turns spent in this place as a percentage of turns spent in the entire game.
 B = Non-inter-level travel turns spent in this place as a percentage of non-inter-level travel turns spent in the entire game.
 C = Inter-level travel turns spent in this place as a percentage of turns spent in this place.
 D = Turns resting spent in this place as a percentage of non-inter-level travel turns spent in this place.
 E = Turns spent auto-exploring this place as a percentage of non-inter-level travel turns spent in this place.
 F = Non-inter-level travel turns spent in this place divided by the number of levels of this place that you've seen.
                   A       B       C       D       E      F
               +-------+-------+-------+-------+-------+----------------------
         Total | 100.0 | 100.0 |   1.9 |   0.0 |  17.6 |  51.0
       Dungeon | 100.0 | 100.0 |   1.9 |   0.0 |  17.6 |  51.0
               +-------+-------+-------+-------+-------+----------------------


   Skills:
 - Level 2.4 Fighting
 - Level 2.4 Dodging
 - Level 1.1 Stealth
 + Level 4.2 Unarmed Combat


You couldn't memorise any spells.
You didn't know any spells.

Dungeon Overview and Level Annotations

Branches:
Dungeon (1/15)

Altars:
Nemelex Xobeh


Innate Abilities, Weirdness & Mutations

You are too large for most types of armour.
You have claws for hands.
Your metabolism is lightning-fast.
You like to eat raw meat.
You heal very quickly.
You are covered in fur (AC +1).
You have very tough skin (AC +2).


Message History

Found a leather armour.
You see here a plate armour.
Found 6 gold pieces.
The helpless rat fails to defend itself.
You claw the rat!
You kill the rat!
You now have 17 gold pieces (gained 6).
Found a pair of boots.
You see here a pair of boots.
You see here a pair of boots.
Found a stone staircase leading down.
There is a sparkling altar of Nemelex Xobeh here.
You kneel at the altar of Nemelex Xobeh.
Nemelex Xobeh welcomes you! Nemelex Xobeh grants you a gift!
Something appears at your feet! Nemelex Xobeh grants you a gift!
Something appears at your feet!
c - a legendary deck of war;
d - a plain deck of war Are you sure you want to abandon this character and quit the game? (Confirm with "yes".)

###.#### #. #.> ..#.# #.# ###.#
.#.#.#(# #.# .##.# .. #.#.# ##.#
.##.######.# #.#.# ...
.##........# #.#.# #.#
.##........###.#.####
##.#########.##⌠.⌠.>....÷.÷.....#
........[....#..@.....####.#[##.#
##.###########.⌠.⌠...[.....#.# #
#.# #................#####.#
#.####.#######.#####..# #.#
#......# #.# #..[.. ... ########
#.# #.#### ##. #.# #.. . ..# #.#
... ..#


There were no monsters in sight!

Table legend:
 A = Kills in this place as a percentage of kills in entire the game.
 B = Kills by you in this place as a percentage of kills by you in the entire game.
 C = Kills by friends in this place as a percentage of kills by friends in the entire game.
 D = Other kills in this place as a percentage of other kills in the entire game.
 E = Experience gained in this place as a percentage of experience gained in the entire game.
 F = Experience gained in this place divided by the number of levels of this place that you have seen.
                   A       B       C       D       E      F
               +-------+-------+-------+-------+-------+----------------------
         Total | 100.0 | 100.0 |  -nan |  -nan | 100.0 |   7.0
       Dungeon | 100.0 | 100.0 |  -nan |  -nan | 100.0 |   7.0
               +-------+-------+-------+-------+-------+----------------------

Vanquished Creatures
  A goblin (D:1)
  A hobgoblin (D:1)
  A giant newt (D:1)
  2 rats (D:1)
5 creatures vanquished.

Action                   || total
-------------------------++-------
Melee: Unarmed           ||    11
 Stab: Sleeping          ||     1
  Eat: Chunk             ||     3
Armor: Robe              ||     3
Dodge: Dodged            ||     3

Vault maps used:
D:1:      saegor_arrival_miasma, nemelex_xobeh_ov_fountains_minmay
